 Dungeon Crawl Stone Soup version 0.30.0-19-g36f170ea60 (webtiles) character file.

Game seed: 8013212999015909369

73 Graphine the Trooper (level 4, -1/37 HPs)
             Began as a Merfolk Fighter on May 29, 2023.
             Splashed by a jelly's acid (10 damage)
             ... on level 4 of the Dungeon.
             The game lasted 00:05:50 (2207 turns).

Graphine the Trooper (Merfolk Fighter)              Turns: 2207, Time: 00:05:51

Health: -1/37      AC:  1    Str: 16    XL:     4   Next: 27%
Magic:  4/4        EV: 11    Int:  7    God:
Gold:   133        SH:  5    Dex: 15    Spells: 3/3 levels left

rFire   . . .        a - +0 long sword
rCold   . . .        c - +0 buckler
rNeg    . . .        e - +0 ring mail
rPois   .            (no helmet)
rElec   .            (no cloak)
rCorr   .            (no gloves)
SInv    .            (no boots)
Will    .....        (no amulet)
Stlth   +            (no ring)
HPRegen 0.26/turn    (no ring)
MPRegen 0.09/turn

%: no passive effects
@: corroded
A: (nimble swimmer 2), mertail
a: no special abilities


You were on level 4 of the Dungeon.
You visited 2 branches of the dungeon, and saw 5 of its levels.

You collected 133 gold pieces.

Inventory:

Hand Weapons
 a - a +0 long sword (weapon)
Armour
 b - the +3 hat of Pondering {ponderous, Will+ MP+10 Int+5}
   (You acquired it on level 2 of the Dungeon)

   Int:       It affects your intelligence (+5).
   MP:        It affects your magic capacity (+10).
   Will:      It increases your willpower.
 c - a +0 buckler (worn)
 e - a +0 ring mail (worn)
Scrolls
 f - a scroll of poison {unknown}
 g - 2 scrolls of identify
 k - a scroll of silence {unknown}
 m - 2 scrolls of amnesia
 n - a scroll of magic mapping
 o - a scroll of brand weapon {unknown}
 p - a scroll of fear {unknown}
Potions
 d - a potion of heal wounds
 h - 2 potions of attraction
 i - 2 potions of brilliance
 j - a potion of haste {unknown}
 l - a potion of degeneration {unknown}


   Skills:
 * Level 4.1 Fighting
 * Level 3.6 Long Blades
 - Level 2.1 Armour
 * Level 2.7 Dodging
 - Level 3.0 Shields


You had 3 spell levels left.
You didn't know any spells.
Your spell library contained the following spells:

 Spells                   Type           Power      Damage    Failure   Level
 Beastly Appendage        Tmut           0%         N/A       75%         1
 Wereblood                Tmut           0%         N/A       86%         2
 Spider Form              Tmut/Pois      0%         N/A       98%         3
 Vhi's Electric Charge    Tloc/Air       0%         N/A       98%         3
 Arcjolt                  Conj/Air       0%         1d10      100%        5
 Plasma Beam              Fire/Air       0%         2x1d11    100%        6


Dungeon Overview and Level Annotations

Branches:
Dungeon (4/15)             Temple (1/1) D:4

Altars:
Dithmenos
Kikubaaqudgha
Makhleb
Trog
Uskayaw
Wu Jian
Yredelemnul
Zin
The Shining One


Innate Abilities, Weirdness & Mutations

((You are very nimble when in or above water. (Stealth+, EV+, Speed+++)))
Your lower body shifts to a powerful aquatic tail in water.


Message History

i - 2 potions of brilliance (gained 1)
A goblin comes into view. It is wielding a +0 club.
The goblin shouts!
The goblin moves out of view.
A goblin is nearby!
The goblin hits you but does no damage.
You barely miss the goblin. The goblin hits you but does no damage.
You hit the goblin.
You kill the goblin!
No target in view!
A jelly comes into view.
The jelly quivers.
You see here a +0 club.
You hit the jelly.
Your hands burn!
The jelly is moderately wounded.
The jelly hits you.
You are splashed with acid.
You hit the jelly.
Your hands burn!
The jelly is heavily wounded.
The jelly barely misses you.
You hit the jelly.
Your hands burn!
The jelly is heavily wounded.
The jelly barely misses you.
You hit the jelly.
Your hands burn!
The jelly is severely wounded.
You block the jelly's attack. The jelly closely misses you.
You hit the jelly.
Your hands burn!
The jelly is almost dead.
The jelly hits you but does no damage.
You are too injured to fight recklessly!
You are too injured to fight recklessly!
Hit: a) +0 long sword
Press: ? - help, Dir - move target, f - jelly
Aim: a jelly (almost dead, about 10% to evade your +0 long sword)
You hit the jelly but do no damage.
Your hands burn!
* * * LOW HITPOINT WARNING * * *
The jelly is almost dead.
The jelly hits you.
* * * LOW HITPOINT WARNING * * *
The acid corrodes you!
You are splashed with acid!
You die...

... ... ..# #####
...# ##...##.....
##.......#...
#..........#
#....@J...#
##.)###...#
###........#
#............
#........##.#.#
#........#..#.##.
###....^......#..
#..##......... .
#...##....#.###..
...


You could see a jelly.

Vanquished Creatures
  2 adders
  A worm (D:2)
  A dart slug (D:4)
  7 ball pythons
  4 endoplasms
  5 goblins
  6 hobgoblins
  3 jackals (D:3)
  4 kobolds
  4 quokkas
  A bat (D:1)
  3 frilled lizards
  4 rats
45 creatures vanquished.

Notes
Turn   | Place    | Note
-------+----------+-------------------------------------------
     0 | D:1      | Graphine the Merfolk Fighter began the quest for the Orb.
     0 | D:1      | Reached XP level 1. HP: 18/18 MP: 1/1
   155 | D:1      | Reached skill level 1 in Dodging
   155 | D:1      | Reached XP level 2. HP: 24/24 MP: 2/2
   669 | D:2      | Reached XP level 3. HP: 12/30 MP: 3/3
  1125 | D:2      | Identified a scroll of acquirement
  1125 | D:2      | Acquired the +3 hat of Pondering {ponderous, Will+ MP+10
                  | Int+5}
  1125 | D:2      | Found the +3 hat of Pondering {ponderous, Will+ MP+10
                  | Int+5}
  1142 | D:3      | Found a faded altar of an unknown god.
  1359 | D:3      | Reached skill level 4 in Fighting
  1739 | D:3      | Reached XP level 4. HP: 20/37 MP: 4/4
  2002 | D:4      | Found a staircase to the Ecumenical Temple.
  2012 | Temple   | Entered the Ecumenical Temple
  2207 | D:4      | Splashed by a jelly's acid

Illustrated notes

Levels and vault maps discovered:
D:1:      dpeg_arrival_tiny_j, layout_loops_ring, nrook_campfire,
          dk_noncrumbling_3
D:2:      layout_rooms
D:3:      layout_loops_cross, nicolae_ecumenical_pavilion, serial_bayou_lagoon_a
D:4:      layout_cave_pools, mainiacjoe_overflow_cross_hatched,
          minmay_temple_entry_junction_2
Temple:   nicolae_temple_figure_zero

Skill      XL: |  1  2  3 |
---------------+----------+-----
Dodging        | 1 2 |  2.7
Long Blades    | 3 |  3.6
Fighting       | 4 |  4.1
Armour         | |  2.1
Shields        | |  3.0

Action                     |  1- 3 |  4- 6 || total
---------------------------+-------+-------++-------
  Melee: Long sword        |   117 |    17 ||   134
    Use: Potion            |     1 |       ||     1
         Scroll            |     8 |       ||     8
 Armour: Ring mail         |    35 |     4 ||    39
  Dodge: Dodged            |    76 |     6 ||    82
  Block: Buckler           |    31 |     3 ||    34
